 Dungeon Crawl Stone Soup version 0.29.0-13-gc9e81de378 (webtiles) character file.

Game seed: 2055815072069597315

230 Pomfy the Cudgeller (level 5, -4/53 HPs)
             Began as a Troll Berserker on Sept 9, 2022.
             Was a Believer of Trog.
             Slain by an ice beast (14 damage)
             ... on level 5 of the Dungeon.
             The game lasted 00:09:54 (1484 turns).

Pomfy the Cudgeller (Troll Berserker)               Turns: 1484, Time: 00:09:55

Health: -4/53      AC:  5    Str: 27    XL:     5   Next: 72%
Magic:  4/4        EV: 11    Int:  3    God:    Trog [**....]
Gold:   119        SH:  0    Dex: 15    Spells: 4/4 levels left

rFire   . . .      SeeInvis .   a - +0 mace
rCold   . . .      Faith    .   (no shield)
rNeg    . . .      Spirit   .   b - +1 animal skin
rPois   .          Reflect  .   (helmet restricted)
rElec   .          Harm     .   (no cloak)
rCorr   .          Rampage  .   (gloves unavailable)
Will    ++...                   (boots unavailable)
Stlth   +.........              (no amulet)
HPRegen 1.97/turn               h - +6 ring of dexterity
MPRegen 0.09/turn               (no ring)

@: strong-willed, regenerating
A: large, unfitting armour, claws 3, regeneration 1, shaggy fur 1, tough skin 1
a: Renounce Religion, Berserk, Trog's Hand


You were on level 5 of the Dungeon.
You worshipped Trog.
Trog was pleased with you.
You visited 1 branch of the dungeon, and saw 5 of its levels.

You collected 119 gold pieces.

Inventory:

Hand Weapons
 a - a +0 mace (weapon)
 f - a +3 dagger
Armour
 b - a +1 animal skin (worn)
Jewellery
 h - a +6 ring of dexterity (left claw)
Scrolls
 e - 3 scrolls of identify
 j - a scroll of poison {unknown}
Potions
 c - a potion of heal wounds {unknown}
 d - 3 potions of lignification {unknown}
 g - a potion of might
 i - 2 potions of berserk rage {unknown}
 k - a potion of brilliance {unknown}
 l - a potion of curing {unknown}


   Skills:
 + Level 3.2 Fighting
 + Level 4.7 Maces & Flails
 + Level 3.2 Dodging
 + Level 0.2 Stealth


You had 4 spell levels left.
You didn't know any spells.
Your spell library contained the following spells:

 Spells                   Type           Power      Damage    Failure   Level
 Slow                     Hex            0%         N/A       52%         1
 Confusing Touch          Hex            0%         N/A       88%         3
 Ozocubu's Armour         Ice            0%         N/A       88%         3
 Summon Guardian Golem    Hex/Summ       0%         N/A       88%         3
 Tukima's Dance           Hex            0%         N/A       88%         3
 Vampiric Draining        Necr           0%         2d6       88%         3
 Passage of Golubria      Tloc           0%         N/A       99%         4
 Freezing Cloud           Conj/Ice/Air   0%         6-21      100%        5
 Yara's Violent Unravell  Hex/Tmut       0%         3d3       100%        5
 Simulacrum               Ice/Necr       0%         N/A       100%        6
 Orb of Destruction       Conj           0%         9d5       100%        7
 Ozocubu's Refrigeration  Ice            0%         4d7       100%        7
 Spellforged Servitor     Conj/Summ      0%         N/A       100%        7
 Polar Vortex             Ice            0%         N/A       100%        9


Dungeon Overview and Level Annotations

Branches:
Dungeon (5/15)             Temple (0/1) D:5

Altars:
Okawaru


Innate Abilities, Weirdness & Mutations

You are too large for most types of armour.
You have claws for hands.
Your natural rate of healing is unusually fast.
You are covered in fur. (AC +1)
You have tough skin. (AC +1)


Message History

You climb downwards.
Found a stone staircase leading down.
There is a stone staircase leading up here.
There is a stone staircase leading down here.
A hound comes into view.
Found 28 gold pieces, a whip and a book of Geomancy.
Found a staircase to the Ecumenical Temple.
The hound barks!
An ice beast comes into view.
The hound bites you but does no damage.
You sock the hound!
The hound is severely wounded.
The hound bites you.
You barely miss the hound.
The hound is severely wounded.
The hound bites you. The hound barely misses you.
You barely miss the hound.
The hound is severely wounded.
The hound closely misses you. The ice beast barely misses you.
The hound bites you but does no damage.
You hit the hound.
The hound is severely wounded.
The hound bites you.
The ice beast hits you but does no damage.
The hound bites you but does no damage.
You hit the hound.
You kill the hound!
Trog accepts your kill. The ice beast closely misses you.
You closely miss the ice beast. The ice beast barely misses you.
You hit the ice beast but do no damage. The ice beast hits you.
The ice beast freezes you! The ice beast hits you. The ice beast freezes you!
Your skin crawls.
You feel strong-willed. The ice beast hits you. The ice beast freezes you!
* * * LOW HITPOINT WARNING * * *
The ice beast hits you.
* * * LOW HITPOINT WARNING * * *
The ice beast freezes you!
You die...

###.#.#
#...#<#
#.###.......#
#.# #######.#
#.# #####.#
## #.....# ..
#.#####
#.#@..#
#.Y.#....#
###.#..$.)#
#.# ..>.# #..
.:.$# ###
####


You could see an ice beast.

Vanquished Creatures
  A howler monkey (D:4)
  2 hounds
  An iguana (D:3)
  Robin (D:4)
  3 adders
  A dart slug (D:1)
  A bat (D:1)
  7 endoplasms
  A giant cockroach (D:1)
  11 goblins
  7 hobgoblins
  4 jackals (D:1)
  3 quokkas
  4 ball pythons (D:3)
  6 frilled lizards
  6 kobolds
  4 rats
63 creatures vanquished.

Notes
Turn   | Place    | Note
-------+----------+-------------------------------------------
     0 | D:1      | Pomfy the Troll Berserker began the quest for the Orb.
     0 | D:1      | Reached XP level 1. HP: 22/22 MP: 0/0
   105 | D:1      | Reached XP level 2. HP: 29/29 MP: 1/1
   112 | D:1      | Reached skill level 3 in Maces & Flails
   288 | D:2      | Reached ** piety under Trog
   350 | D:2      | Reached XP level 3. HP: 36/36 MP: 2/2
   424 | D:2      | Found an iron altar of Okawaru.
   980 | D:4      | Reached XP level 4. HP: 44/44 MP: 3/3
  1035 | D:3      | Reached skill level 4 in Maces & Flails
  1108 | D:4      | Reached XP level 5. HP: 46/53 MP: 4/4
  1165 | D:4      | Noticed Robin
  1192 | D:4      | Killed Robin
  1457 | D:5      | Entered Level 5 of the Dungeon
  1473 | D:5      | Found a staircase to the Ecumenical Temple.
  1475 | D:5      | Noticed an ice beast
  1484 | D:5      | Slain by an ice beast

Illustrated notes

Levels and vault maps discovered:
D:1:      evilmike_arrival_plus, layout_basic
D:2:      layout_basic, basic_altar, minmay_lizard_king
D:3:      layout_basic, minmay_shallow_snake_nest
D:4:      layout_basic, uniq_robin
D:5:      layout_basic, okawaru_gym_becter, elyvilon_altar_5,
          minmay_temple_entry_offerings, uniq_menkaure, uniq_edmund,
          uniq_sigmund, uniq_ijyb

Skill      XL: |  1  2  3  4 |
---------------+-------------+-----
Maces & Flails | 3 4 |  4.7
Fighting       | 3 |  3.2
Dodging        | 3 |  3.2
Stealth        | |  0.2

Action                   |  1- 3 |  4- 6 || total
-------------------------+-------+-------++-------
Melee: Mace              |    97 |    80 ||   177
       Punch             |     2 |     1 ||     3
Invok: Trog's Hand       |       |     1 ||     1
  Use: Scroll            |     4 |     3 ||     7
Armor: Animal skin       |    34 |    26 ||    60
Dodge: Dodged            |    58 |    46 ||   104
